AoeStats
← CanallaVillano

MegaRandom

508743942Analyzed
4v4 RM · 9d ago on Sep 23, 2026· 65m 3s· 8 players
Game mode
Random Map
Map size
Large (8 player)
Population
200
Speed
Normal
Resources
Standard
Victory
Conquest
Starting age
Dark Age
Ending age
Imperial Age
RankedLock teamsTeams togetherTeam positionsShared explorationLock speedFull tech treeHidden civsTurbo modeCheats
Victory
Defeat
🇨🇴 Lithuanians · Colombia
742
+13
🇺🇸 Byzantines · United States
678
+15
🇺🇸 Japanese · United States
677
+15
🇪🇸 Teutons · Spain
538
+22
🇺🇸 Celts · United States
680
-17
🇧🇷 Italians · Brazil
676
-17
🇹🇷 Persians · Türkiye
654
-16
🇨🇱 Maya · Chile
636
-15
DuceDubz
0:37 Loom
16:59 Feudal Age
17:20 Horse Collar
17:30 Double-Bit Axe
18:41 Wheelbarrow
18:16 Gold Mining
21:39 Arson
24:23 Forging
24:14 Scale Mail Armor
24:05 Fletching
28:12 Stone Mining
33:24 Castle Age
35:10 Pikeman
35:59 Heavy Plow
35:57 Bodkin Arrow
38:55 Coinage
38:27 Caravan
49:38 Imperial Age
49:18 Gold Shaft Mining
49:19 Stone Shaft Mining
49:40 Heavy Scorpion
49:42 Onager
51:46 Chemistry
51:07 Ballistics
51:19 Bow Saw
53:21 Siege Engineers
53:53 Banking
53:37 Guilds
54:53 Siege Onager
56:36 Halberdier
Carpeado BR
0:32 Loom
12:12 Feudal Age
19:41 Castle Age
18:18 Wheelbarrow
18:26 Gold Mining
18:27 Stone Mining
18:22 Horse Collar
18:35 Double-Bit Axe
26:13 Heavy Plow
27:20 Fletching
29:30 Town Watch
30:40 Bodkin Arrow
41:44 Imperial Age
40:54 Padded Archer Armor
42:42 Fortified Wall
43:33 Chemistry
42:57 Ballistics
43:16 Conscription
45:33 Bracer
45:49 Leather Archer Armor
48:41 Town Patrol
49:35 Ring Archer Armor
53:08 Elite Genoese Crossbowman
56:51 Bow Saw
61:36 Pirotechnia
61:37 Thumb Ring
sebajr10
10:54 Feudal Age
12:22 Wheelbarrow
11:35 Double-Bit Axe
20:10 Castle Age
21:41 Gold Mining
23:25 Forging
23:16 Scale Mail Armor
25:57 Stone Mining
27:07 Iron Casting
demirovsky
0:41 Loom
13:43 Feudal Age
18:52 Castle Age
19:07 Stone Mining
21:27 Gold Mining
21:23 Horse Collar
24:20 Husbandry
26:26 Double-Bit Axe
29:59 Heavy Plow
32:19 Bloodlines
33:14 Bow Saw
36:43 Husbandry
46:07 Imperial Age
46:02 Capped Ram
47:31 Wheelbarrow
46:41 Town Watch
50:38 Two-Man Saw
51:06 Conscription
51:49 Chemistry
51:12 Ballistics
50:17 Heavy Scorpion
52:04 Crop Rotation
53:00 Hand Cart
54:38 Gold Shaft Mining
54:39 Stone Shaft Mining
55:52 Town Patrol
56:10 Cavalier
57:11 Savar
SkilzDatKilz845
0:44 Loom
14:33 Feudal Age
17:26 Wheelbarrow
20:37 Castle Age
20:00 Fletching
20:13 Padded Archer Armor
22:28 Thumb Ring
21:44 Crossbowman
31:11 Bodkin Arrow
31:17 Scale Mail Armor
31:28 Forging
33:22 Squires
33:08 Arson
33:53 Yasama
34:47 Horse Collar
38:27 Imperial Age
39:06 Hand Cart
39:47 Chain Mail Armor
41:32 Kataparuto
43:42 Iron Casting
45:46 Conscription
47:41 Plate Mail Armor
48:14 Blast Furnace
52:43 Elite Skirmisher
53:04 Elite Samurai
61:06 Plate Mail Armor
60:38 Bracer
Jaereg
15:04 Feudal Age
17:05 Wheelbarrow
16:17 Double-Bit Axe
24:25 Castle Age
24:48 Gold Mining
25:18 Bow Saw
26:12 Treadmill Crane
28:07 Caravan
30:15 Gold Shaft Mining
33:02 Imperial Age
30:37 Horse Collar
33:45 Hand Cart
34:21 Hand Cart
35:06 Fortified Wall
37:49 Ballistics
38:31 Chemistry
41:14 Stone Mining
43:39 Stone Shaft Mining
52:02 Conscription
58:14 Fervor
58:17 Redemption
60:16 Heavy Camel Rider
63:32 Atonement
63:51 Block Printing
64:08 Sanctity
63:49 Devotion
64:29 Theocracy
64:25 Illumination
CanallaVillano
0:41 Loom
12:56 Feudal Age
14:07 Horse Collar
15:08 Double-Bit Axe
22:44 Wheelbarrow
25:34 Castle Age
27:16 Heavy Plow
29:24 Caravan
31:22 Bow Saw
32:04 Town Watch
32:35 Hand Cart
38:08 Imperial Age
36:54 Squires
38:51 Town Patrol
40:53 Two-Man Saw
41:05 Conscription
41:42 Fletching
41:53 Scale Mail Armor
42:04 Forging
41:46 Elite Teutonic Knight
47:18 Chemistry
46:29 Fortified Wall
46:42 Ballistics
46:33 Masonry
47:50 Bodkin Arrow
48:01 Scale Barding Armor
48:32 Iron Casting
48:25 Crenellations
48:50 Cavalier
50:27 Hoardings
52:06 Paladin
59:33 Chain Barding Armor
59:32 Chain Mail Armor
Fulgur
7:43 Loom
11:22 Feudal Age
13:48 Forging
14:01 Scale Barding Armor
17:44 Double-Bit Axe
23:29 Castle Age
21:39 Horse Collar
24:01 Light Cavalry
24:53 Bloodlines
24:43 Husbandry
26:09 Iron Casting
25:30 Town Watch
29:46 Wheelbarrow
29:04 Gold Mining
29:05 Stone Mining
41:13 Chain Barding Armor
43:14 Fletching
43:25 Padded Archer Armor
44:23 Heavy Plow
44:36 Bow Saw
45:24 Bodkin Arrow
45:45 Leather Archer Armor
44:57 Elite Skirmisher
50:35 Imperial Age
52:33 Plate Barding Armor
55:23 Conscription
54:24 Elite Leitis
54:37 Crossbowman
55:23 Thumb Ring
58:04 Cavalier
58:06 Winged Hussar
60:07 Paladin
62:28 Caravan
Connection lost

Rejoining the realm…

Still unreachable

The connection could not be restored.

Session expired

The server has moved on; the page needs a fresh start.